 Dungeon Crawl Stone Soup version 0.27-a0-931-g5a74e75d8f (webtiles) character file.

Game seed: 7814787741425484290

42604 mhtbhm the Bludgeoner (level 14, -7/138 HPs)
             Began as a Gargoyle Berserker on Apr 10, 2021.
             Was the Champion of Trog.
             Mangled by a bog body (31 damage)
             ... on level 4 of the Lair of Beasts.
             The game lasted 00:23:41 (21168 turns).

mhtbhm the Bludgeoner (Gargoyle Berserker)         Turns: 21168, Time: 00:23:41

Health: -7/138     AC: 28    Str: 26    XL:     14   Next: 20%
Magic:  14/14      EV:  8    Int:  8    God:    Trog [******]
Gold:   1104       SH: 17    Dex: 15    Spells: 13/13 levels left

rFire    + . .     SeeInvis .   a - +2 demon whip
rCold    x . .     Faith    .   K - +0 kite shield
rNeg     + . .     Spirit   .   b - +0 plate armour
rPois    ∞         Reflect  +   (no helmet)
rElec    +         Harm     .   (no cloak)
rCorr    .         Rampage  .   (no gloves)
Will     +....                  p - +0 pair of boots
Stlth    ..........             D - amulet of reflection
HPRegen  0.33/turn              d - +6 ring of dexterity
MPRegen  0.14/turn              l - ring of fire

@: berserking, flying, very quick
A: AC +10, big wings, negative energy resistance 1, electricity resistance,
torment resistance 1, unbreathing 1, petrification resistance
a: Renounce Religion, Berserk, Trog's Hand, Brothers in Arms


You were on level 4 of the Lair of Beasts.
You worshipped Trog.
Trog was exalted by your worship.
You visited 2 branches of the dungeon, and saw 15 of its levels.
You also visited: Ice Cave.

You collected 1164 gold pieces.
You spent 60 gold pieces at shops.

Inventory:

Hand Weapons
 a - a +2 demon whip (weapon)
Missiles
 w - 10 curare-tipped darts (quivered)
Armour
 b - a +0 plate armour (worn)
 p - a +0 pair of boots (worn)
 K - a +0 kite shield (worn)
Jewellery
 d - a +6 ring of dexterity (left hand)
 k - a ring of resist corrosion
 l - a ring of fire (right hand)
 C - a ring of positive energy
 D - an amulet of reflection (around neck)
Wands
 x - a wand of paralysis (30)
 E - a wand of polymorph (12)
 G - a wand of flame (7)
 J - a wand of random effects (15)
 L - a wand of iceblast (10)
Scrolls
 c - 2 scrolls of holy word
 f - 2 scrolls of silence
 g - 5 scrolls of enchant armour
 h - 2 scrolls of fog
 i - 3 scrolls of blinking
 j - 4 scrolls of teleportation
 m - 2 scrolls of fear
 n - 5 scrolls of enchant weapon
 u - 2 scrolls of immolation
 y - 3 scrolls of amnesia {unknown}
 F - a scroll of noise {unknown}
 I - a scroll of magic mapping
Potions
 e - 2 potions of cancellation
 o - 3 potions of invisibility
 q - a potion of flight
 r - a potion of resistance
 s - a potion of berserk rage
 t - 2 potions of might
 v - a potion of heal wounds {unknown}
 z - a potion of lignification {unknown}
 A - a potion of curing
 B - 3 potions of brilliance
 M - a potion of mutation {unknown}
 N - a potion of ambrosia
Miscellaneous
 H - a tin of tremorstones (2/2)


   Skills:
 + Level 12.2 Fighting
 + Level 15.1 Maces & Flails
 + Level 13.2 Armour
 + Level 4.3 Dodging
 + Level 3.7 Stealth
 + Level 7.5 Shields
 + Level 2.0 Evocations


You had 13 spell levels left.
You didn't know any spells.
Your spell library was empty.

Dungeon Overview and Level Annotations

Branches:
Dungeon (11/15)            Temple (0/1) D:7            Lair (4/6) D:11
  Swamp (0/4) Lair:4        Snake (0/4) Lair:3        IceCv (visited)
    Orc: D:9-12

Altars:
Hepliaklqana
Xom

Shops:
D:2 ?   D:3 (   D:6 *

Portals:
Trove: D:10 (give horn of Geryon)

Annotations:
D:10 trove, horn of geyron


Innate Abilities, Weirdness & Mutations

Your stone body is resilient. (AC +10)
You are immune to poison.
Your large and strong wings let you fly.
You resist negative energy. (rN+)
You are resistant to electric shocks. (rElec)
You are resistant to unholy torment.
You can survive without breathing.
You are immune to petrification.


Message History

A bog body is nearby!
A bog body is nearby!
An electric eel comes into view.
The bog body points at you and mumbles some strange words.
You resist with some effort.
The electric eel shoots out a bolt of lightning at you!
The bolt of electricity hits you. You resist. You block the bog body's attack.
You hit the bog body.
The bog body is lightly damaged.
You block the bog body's attack.
You whack the bog body!
The bog body is moderately damaged.
You closely miss the bog body.
The bog body is moderately damaged.
The bog body touches you! The bog body freezes you!!
You feel a terrible chill!
You closely miss the bog body.
The bog body is moderately damaged.
The electric eel shoots out a bolt of lightning at you!
The bolt of electricity hits you. You resist.
You thrash the bog body!!
The bog body is severely damaged.
The bog body touches you. The bog body freezes you!!!
You feel a terrible chill!
* * * LOW HITPOINT WARNING * * *
The electric eel shoots out a bolt of lightning at you!
The bolt of electricity hits you but does no damage.
A red film seems to cover your vision as you go berserk!
You feel yourself moving faster!
You feel mighty! The bog body casts a spell at you.
The bolt of cold misses you.
The electric eel shoots out a bolt of lightning at you!
The bolt of electricity hits you. You resist.
* * * LOW HITPOINT WARNING * * *
You closely miss the bog body.
The bog body is severely damaged.
The bog body touches you.
* * * LOW HITPOINT WARNING * * *
The bog body freezes you!!
You feel a terrible chill!
You die...

.................................
...............#..##.............
.........##....#####......[....##
...).....♣#....# ##..........#
.........♣♣....# #..........##
..........♣♣♣♣♣♣ ♣.........###
.....♣♣♣♣♣♣♣♣♣♣♣♣♣♣♣♣♣.♣##P......
...♣♣♣≈≈≈≈≈♣≈≈≈°§;§§§♣♣# ##......
..⌠.............@§§§§♣ #......
..⌠.............§n§§§♣ ###......
...♣♣♣≈≈≈≈≈≈≈≈≈♣§§§§≈♣♣♣#.#....##
.....♣♣♣♣♣♣♣♣♣♣♣♣♣♣♣♣♣........##
..........♣♣♣♣♣♣♣♣............#
..........#...................###
.................................
......(<.......####....####......
.....+#+##....## #....# #.......


You could see a bog body and an electric eel.

Vanquished Creatures
  2 boulder beetles
  3 hydras
  2 two-headed ogres
  A centaur warrior (D:11)
  A catoblepas (Lair:2)
  Sonja (Lair:3)
  Nergalle (Lair:2)
  A bog body (Lair:4)
  An oklob plant (Lair:3)
  2 manticores
  2 centaur zombies (D:11)
  2 ice statues (IceCv)
  2 black mambas (Lair:4)
  11 cane toads
  A kobold demonologist (D:11)
  6 komodo dragons
  8 ice devils (IceCv)
  A rime drake (Lair:1)
  3 trolls
  A hornet (D:11)
  4 polar bears
  19 blink frogs
  4 dream sheep (Lair:4)
  A meliai zombie (D:11)
  2 wyverns
  6 centaur simulacra (D:11)
  2 vampires
  4 basilisks
  3 vampire mosquitoes (D:10)
  55 yaks
  2 steam dragons
  2 nagas (Lair:3)
  Edmund (D:6)
  15 water moccasins
  8 ice beasts
  A sky beast (D:6)
  2 orc warriors
  8 black bears
  8 wolves
  2 centaurs
  An ogre (D:7)
  6 kobold brigands
  16 bullfrogs
  A scorpion (D:7)
  A water moccasin zombie (D:6)
  3 wyvern skeletons
  16 killer bees
  7 wights (D:8)
  An electric eel (D:11)
  A bullfrog zombie (D:6)
  5 hounds
  2 orc priests
  2 gnoll shamans
  3 jellies
  A bullfrog skeleton (D:5)
  4 iguanas
  9 orc wizards
  A killer bee zombie (D:8)
  A hound skeleton (D:4)
  2 howler monkey zombies (D:9)
  8 gnolls
  4 adders
  A shadow imp (D:7)
  12 white imps
  8 ufetubi
  23 orcs
  6 ball pythons
  5 endoplasms
  2 giant cockroaches
  5 goblins
  5 hobgoblins
  3 jackals (D:4)
  6 bats
  3 frilled lizards
  29 kobolds
  3 rats
  A butterfly (D:8)
408 creatures vanquished.

Vanquished Creatures (others)
  A reaper (IceCv)
  An orc wizard (D:9)
  2 white imps (IceCv)
  4 ufetubi (IceCv)
  A kobold (D:9)
  5 fungi
  27 plants
41 creatures vanquished.

Grand Total: 449 creatures vanquished

Notes
Turn   | Place    | Note
-------+----------+-------------------------------------------
     0 | D:1      | mhtbhm the Gargoyle Berserker began the quest for the Orb.
     0 | D:1      | Reached XP level 1. HP: 14/14 MP: 1/1
   236 | D:1      | Reached XP level 2. HP: 16/19 MP: 2/2
   715 | D:1      | Found a faded altar of an unknown god.
   955 | D:2      | Reached XP level 3. HP: 22/24 MP: 3/3
  1164 | D:2      | Found Fiohoh's Magic Scroll Boutique.
  1180 | D:2      | Reached ** piety under Trog
  1187 | D:2      | Bought a scroll of identify for 20 gold pieces
  1187 | D:2      | Bought a scroll of identify for 20 gold pieces
  1187 | D:2      | Bought a scroll of identify for 20 gold pieces
  1218 | D:2      | Reached XP level 4. HP: 26/29 MP: 4/4
  1878 | D:3      | Reached skill level 4 in Maces & Flails
  1878 | D:3      | Reached XP level 5. HP: 34/34 MP: 5/5
  2169 | D:3      | Found a hazy altar of Hepliaklqana.
  2227 | D:3      | Found Hejukatu's Weapon Emporium.
  2987 | D:4      | Reached XP level 6. HP: 34/39 MP: 6/6
  3424 | D:5      | Entered Level 5 of the Dungeon
  3938 | D:5      | Reached skill level 5 in Fighting
  3938 | D:5      | Reached skill level 5 in Maces & Flails
  4204 | D:5      | Reached XP level 7. HP: 44/44 MP: 7/7
  4885 | D:6      | Reached *** piety under Trog
  5048 | D:6      | Reached skill level 6 in Maces & Flails
  5048 | D:6      | Reached skill level 5 in Armour
  5048 | D:6      | Reached XP level 8. HP: 45/50 MP: 8/8
  5117 | D:6      | Found Lypais's Elemental Accessories.
  5528 | D:6      | Noticed Edmund
  5530 | D:6      | Noticed a manticore
  5552 | D:6      | Killed Edmund
  5561 | D:6      | Killed a manticore
  5562 | D:6      | Reached skill level 7 in Maces & Flails
  5562 | D:6      | Reached XP level 9. HP: 15/56 MP: 9/9
  6419 | D:7      | Reached skill level 1 in Stealth
  6440 | D:7      | Found a staircase to the Ecumenical Temple.
  6533 | D:7      | Reached skill level 8 in Maces & Flails
  6871 | D:8      | Reached **** piety under Trog
  6902 | D:8      | Noticed a troll
  6914 | D:8      | Killed a troll
  7114 | D:8      | Reached XP level 10. HP: 63/63 MP: 10/10
  7331 | D:8      | Reached skill level 9 in Maces & Flails
  7972 | D:9      | Reached skill level 10 in Maces & Flails
  8182 | D:9      | Identified the +3 leather armour "Sakkewoh" {+Inv}
  8525 | D:10     | Entered Level 10 of the Dungeon
  8637 | D:10     | Noticed a two-headed ogre
  8645 | D:10     | Killed a two-headed ogre
  8994 | D:10     | Found a portal to a secret trove of treasure.
  9449 | D:10     | Reached skill level 11 in Maces & Flails
  9613 | D:10     | Reached XP level 11. HP: 56/69 MP: 11/11
 10125 | D:11     | Noticed a manticore
 10125 | D:11     | Noticed a boulder beetle
 10125 | D:11     | Noticed a centaur warrior
 10134 | D:11     | Reached skill level 10 in Armour
 10139 | D:11     | Killed a manticore
 10142 | D:11     | Reached skill level 1 in Shields
 10285 | D:11     | Killed a boulder beetle
 10312 | D:11     | Reached skill level 1 in Evocations
 10353 | D:11     | Found a frozen archway.
 10389 | IceCv    | Entered an ice cave
 10683 | IceCv    | Killed a reaper
 10852 | IceCv    | Reached ***** piety under Trog
 11706 | IceCv    | Reached skill level 12 in Maces & Flails
 13801 | D:11     | Reached XP level 12. HP: 36/77 MP: 12/12
 13845 | D:11     | Killed a centaur warrior
 14446 | D:11     | Found a staircase to the Lair.
 14535 | D:11     | Noticed a two-headed ogre
 14545 | D:11     | Killed a two-headed ogre
 14546 | D:11     | Reached skill level 10 in Fighting
 14549 | D:11     | Reached skill level 13 in Maces & Flails
 15161 | Lair:1   | Entered Level 1 of the Lair of Beasts
 15297 | Lair:1   | You fall into a shaft and drop 1 floor!
 15330 | Lair:2   | Noticed Nergalle
 15331 | Lair:2   | Noticed a catoblepas
 15340 | Lair:2   | Killed Nergalle
 15346 | Lair:2   | Killed a catoblepas
 15918 | Lair:2   | Noticed a boulder beetle
 15935 | Lair:2   | Killed a boulder beetle
 16184 | Lair:2   | Reached XP level 13. HP: 45/83 MP: 13/13
 16746 | Lair:2   | Reached skill level 5 in Shields
 16755 | Lair:2   | Reached skill level 14 in Maces & Flails
 17585 | Lair:1   | Received a gift from Trog
 18572 | Lair:3   | Noticed Sonja
 18603 | Lair:3   | Killed Sonja
 18739 | Lair:3   | Found a staircase to the Snake Pit.
 19269 | Lair:3   | Found a shimmering altar of Xom.
 20333 | Lair:4   | Reached skill level 15 in Maces & Flails
 20335 | Lair:4   | Gained mutation: Your large and strong wings let you fly.
                  | [Gargoyle growth]
 20335 | Lair:4   | Reached XP level 14. HP: 92/92 MP: 14/14
 20543 | Lair:4   | Reached ****** piety under Trog
 21157 | Lair:4   | Found a staircase to the Swamp.
 21168 | Lair:4   | Mangled by a bog body

Illustrated notes

Levels and vault maps discovered:
D:1:      wander_arrival_desolate, layout_loops_ring,
          hellmonk_ecumenical_altar_leap_of_faith, minivault_11,
          minmay_misc_feat_cross, minmay_stone_trees_medium
D:2:      layout_basic, serial_shops, shop, nrook_uturn
D:3:      layout_loops_corners, worldfamousw_hep_ancestral_shrine, serial_shops,
          shop
D:4:      layout_basic
D:5:      layout_basic
D:6:      layout_rooms, nicolae_elemental_shop, minivault_14,
          minmay_small_thing, uniq_edmund
D:7:      layout_rooms, minmay_temple_entry_butterflies, serial_rivers,
          chequers_serial_rivers_large_a, chequers_serial_rivers_marsh,
          chequers_serial_rivers_micro_c, chequers_serial_rivers_small_b
D:8:      layout_basic
D:9:      layout_basic
D:10:     layout_grid_maze, nicolae_trove_entry_crossroad
D:11:     layout_roguey, lair_entry_dummy, serial_ice, serial_ice_k,
          serial_ice_d, serial_ice_h, serial_ice_n, serial_ice_f, serial_ice_o,
          serial_ice_c, serial_ice_b, portal_ice_cave_entry_pillars_1,
          minmay_mirror_moons_of_madness
Lair:1:   layout_roguey
Lair:2:   layout_hall_layers, beast_lair_carwin_8, uniq_nergalle
Lair:3:   layout_cave_pods, guppyfry_snake_entry_garden, lemuel_oklob_altar,
          infiniplex_staircase_pool_2, uniq_sonja
Lair:4:   layout_small_grid, nicolae_swamp_entry_splash_gauntlet,
          grunt_megastairs_1, lemuel_fruit_fields

Skill      XL: |  1  2  3  4  5  6  7  8  9 10 11 12 13 14 |
---------------+-------------------------------------------+-----
Fighting       | 4 5 6 7 8 9 10 12 | 12.2
Dodging        | 2 3 4 |  4.3
Maces & Flails | 4 5 6 7 8 11 12 13 15 | 15.1
Armour         | 3 5 7 8 9 11 12 13 | 13.2
Stealth        | 1 2 3 |  3.7
Shields        | 3 4 6 7 |  7.5
Evocations     | 1 2 |  2.0

Action                   |  1- 3 |  4- 6 |  7- 9 | 10-12 | 13-15 || total
-------------------------+-------+-------+-------+-------+-------++-------
Melee: Whip              |    83 |   142 |   105 |       |       ||   330
       Mace              |     9 |       |       |       |       ||     9
       Flail             |       |       |   171 |    24 |       ||   195
       Morningstar       |       |       |       |   642 |   136 ||   778
       Demon whip        |       |       |       |       |   473 ||   473
Throw: Throwing net      |       |       |       |     2 |       ||     2
Invok: Berserk           |       |     1 |     8 |    18 |     6 ||    33
Evoke: Wand              |       |       |       |    12 |       ||    12
  Use: Scroll            |     3 |     6 |     3 |     8 |     3 ||    23
       Potion            |       |       |     1 |     6 |       ||     7
 Stab: Paralysed         |       |       |       |     3 |       ||     3
       Invisible         |       |       |       |     2 |       ||     2
       Petrified         |       |       |       |    11 |       ||    11
       Distracted        |       |       |       |     1 |       ||     1
Armor: Animal skin       |    16 |       |       |       |       ||    16
       Scale mail        |    20 |    76 |    38 |       |       ||   134
       Plate armour      |       |       |   219 |   631 |   322 ||  1172
Dodge: Dodged            |    65 |    72 |   143 |   380 |   146 ||   806
Block: Other             |       |       |       |   165 |    57 ||   222
       Reflection        |       |       |       |     3 |       ||     3
       Kite shield       |       |       |       |       |   218 ||   218

Table legend: (Time is in decaauts)
 A = Elapsed time spent in this place.
 B = Non-inter-level travel time spent in this place.
 C = Inter-level travel time spent in this place.
 D = Time resting spent in this place.
 E = Time spent auto-exploring this place.
 F = Levels seen in this place.
 G = Mean time per level.
                   A        B        C        D        E       F      G
               +--------+--------+--------+--------+--------+-----+--------+
         Total |  21118 |  20921 |    197 |   6327 |  11209 |  16 | 1319.9 |
       Dungeon |  11847 |  11684 |    163 |   2360 |   7279 |  11 | 1077.0 |
          Lair |   5824 |   5790 |     34 |    932 |   3897 |   4 | 1456.0 |
      Ice Cave |   3446 |   3446 |      0 |   3034 |     32 |   1 | 3446.0 |
               +--------+--------+--------+--------+--------+-----+--------+

Top non-repeatable levels by time:
   IceCv: 3446 daAuts
    D:11: 1662 daAuts
    D:10: 1617 daAuts
  Lair:3: 1573 daAuts
  Lair:2: 1519 daAuts
  Lair:1: 1418 daAuts
     D:5: 1360 daAuts
  Lair:4: 1313 daAuts
     D:6: 1208 daAuts
     D:3: 1014 daAuts
     D:9: 929 daAuts
     D:7: 836 daAuts
     D:1: 817 daAuts
     D:8: 810 daAuts
     D:4: 809 daAuts
